 Dungeon Crawl Stone Soup version 0.22.1-2-g9c5b331383 (webtiles) character file.

84 Marnok the Magician (level 4, 0/33 HPs)
             Began as a Demigod Wanderer on Nov 21, 2018.
             Succumbed to an adder's poison
             ... on level 2 of the Dungeon.
             The game lasted 00:09:46 (1534 turns).

Marnok the Magician (Demigod Wanderer)              Turns: 1534, Time: 00:09:46

Health: 0/33       AC:  8    Str: 16    XL:     4   Next: 3%
Magic:  13/13      EV:  6    Int: 15    God:
Gold:   60         SH:  4    Dex: 17    Spells: 11/11 levels left

rFire    . . .     SeeInvis .   a - +2 dagger
rCold    . . .     Gourm    .   (no shield)
rNeg     . . .     Faith    .   c - +0 chain mail
rPois    .         Spirit   .   (no helmet)
rElec    .         Reflect  .   (no cloak)
rCorr    .         Harm     .   (no gloves)
MR       .....                  (no boots)
Stlth    ..........             (no amulet)
HPRegen  0.00/turn              (no ring)
MPRegen  0.13/turn              (no ring)

@: lethally poisoned (0 -> -2)
A: large bone plates 1, high mp 1, inhibited regeneration
a: no special abilities


You were on level 2 of the Dungeon.
You were not hungry.

You visited 1 branch of the dungeon, and saw 3 of its levels.

You collected 60 gold pieces.

Inventory:

Hand Weapons
 a - a +2 dagger (weapon)
 b - a +0 dagger
 k - a +0 dagger
 l - a +0 dagger of holy wrath
 q - a +0 hand axe
 r - a +0 short sword
Missiles
 d - 15 poisoned needles
 g - 71 stones (quivered)
 h - 18 arrows
Armour
 c - a +0 chain mail (worn)
 e - a +0 robe
 s - a +0 chain mail
Jewellery
 m - an uncursed ring of flight {unknown}
Scrolls
 f - a scroll of immolation
 j - 2 scrolls of identify
 n - a scroll of remove curse {unknown}
 o - a scroll of amnesia {unknown}


   Skills:
 + Level 0.9 Short Blades
 + Level 1.0 Throwing
 + Level 2.0 Armour
 + Level 1.0 Stealth
 + Level 4.3 Spellcasting
   Level 1.0 Hexes
   Level 1.7 Translocations
   Level 1.0 Air Magic


You had 11 spell levels left.
You didn't know any spells.
Your spell library contained the following spells:

 Spells                   Type           Power        Failure   Level  Hunger
 Shock                    Conj/Air       #...         95%         1    None
 Summon Butterflies       Summ           #.......     97%         1    None
 Call Canine Familiar     Summ           #.......     100%        3    ###....
 Mephitic Cloud           Conj/Pois/Air  #.......     100%        3    ###....


Dungeon Overview and Level Annotations

Branches:
Dungeon (3/15)


Innate Abilities, Weirdness & Mutations

You have an increased reservoir of magic. (+10% MP)
You are partially covered in large bone plates. (SH +4)
You do not regenerate when monsters are visible.


Message History

The hobgoblin hits you but does no damage.
The giant cockroach bites you.
* * * LOW HITPOINT WARNING * * *
You feel sick. The giant cockroach barely misses you.
Your surroundings suddenly seem different.
A kobold comes into view. It is wielding a whip.
The kobold shouts!
A worm comes into view.
Found a scale mail and 6 gold pieces.
You hit the worm.
The worm is lightly wounded.
As you read the scroll labeled CENANUDWANT, it crumbles to dust.
It is a scroll of identify.
f - 2 scrolls of immolation The worm bites you.
* * * LOW HITPOINT WARNING * * *
Unknown command.
As you read the scroll of immolation, it crumbles to dust.
The creatures around you are filled with an inner flame!
You die...

############ #
##$ #... #...#
#....#########
#............
#...@w..K...
##[.........
###########
###


You could see a worm (inner flame) and a kobold (inner flame).

Vanquished Creatures
  Terence (D:2)
  Natasha (D:2)
  3 dart slugs
  2 giant cockroaches (D:1)
  5 hobgoblins
  A bat (D:2)
  A frilled lizard (D:1)
  5 goblins
  3 kobolds (D:2)
  7 rats
29 creatures vanquished.

Notes
Turn   | Place    | Note
-------+----------+-------------------------------------------
     0 | D:1      | Marnok the Demigod Wanderer began the quest for the Orb.
     0 | D:1      | Marnok set off with: a +2 dagger, a potion of haste, a +0
                  | robe, a ration
     0 | D:1      | Reached XP level 1. HP: 14/14 MP: 7/7
   370 | D:1      | Reached skill level 4 in Spellcasting
   769 | D:1      | Reached XP level 2. HP: 18/20 MP: 9/9
  1260 | D:2      | Noticed Natasha
  1270 | D:2      | Killed Natasha
  1270 | D:2      | Reached skill level 1 in Armour
  1270 | D:2      | Reached XP level 3. HP: 12/26 MP: 9/11
  1427 | D:2      | Noticed Terence
  1444 | D:2      | Gained mutation: You do not regenerate when monsters are
                  | visible. [potion of mutation]
  1444 | D:2      | Gained mutation: You are partially covered in thin metallic
                  | scales. (AC +2) [potion of mutation]
  1444 | D:2      | Lost mutation: You are partially covered in thin metallic
                  | scales. (AC +2) [potion of mutation]
  1444 | D:2      | Gained mutation: You are partially covered in large bone
                  | plates. (SH +4) [potion of mutation]
  1481 | D:2      | Killed Terence
  1493 | D:2      | Reached XP level 4. HP: 27/33 MP: 13/13
  1533 | D:2      | HP: 1/33 [worm (4)]
  1534 | D:2      | Succumbed to an adder's poison

Skill      XL: |  1  2  3 |
---------------+----------+-----
Spellcasting   | 4 |  4.3
Armour         | 1 2 |  2.0
Short Blades   | |  0.9
Throwing       | |  1.0
Stealth        | |  1.0
Hexes          | |  1.0
Translocations | |  1.7
Air Magic      | |  1.0

Action                   |  1- 3 |  4- 6 || total
-------------------------+-------+-------++-------
Melee: Dagger            |   182 |    20 ||   202
  Use: Potion            |     3 |       ||     3
       Scroll            |       |     3 ||     3
  Eat: Ration            |     1 |       ||     1
Armor: Chain mail        |    74 |    22 ||    96
Dodge: Dodged            |    36 |     8 ||    44
Block: Other             |     5 |     5 ||    10
